 Dungeon Crawl Stone Soup version 0.31-a0-1227-g0136665373 (webtiles) character file.

Game seed: 4292500635328229823

46 MachoJfn the Ducker (level 3, -1/40 HPs)
             Began as a Demonspawn Gladiator on Dec 13, 2023.
             Was a Believer of Uskayaw.
             Slain by an orc
             ... wielding a +0 hand axe
              (6 damage)
             ... on level 3 of the Dungeon on Dec 14, 2023.
             The game lasted 00:08:38 (1361 turns).

MachoJfn the Ducker (Demonspawn Gladiator)          Turns: 1361, Time: 00:08:38

Health: -1/40      AC: 14    Str: 16    XL:     3   Next: 44%
Magic:  3/3        EV:  5    Int:  8    God:    Uskayaw [**....]
Gold:   81         SH:  0    Dex: 14    Spells: 2/2 levels left

rFire   . . .        h - +3 spear
rCold   . . .        (no shield)
rNeg    . . .        g - +0 plate armour
rPois   .            f - +2 helmet
rElec   .            (no cloak)
rCorr   .            (no gloves)
SInv    .            n - +0 pair of boots
Will    .....        (no amulet) Stlth
                     (no ring)
HPRegen 0.26/turn    (no ring)
MPRegen 0.08/turn

%: no passive effects
@: berserking, lethally poisoned (-1 -> -4), very quick
A: powered by death 1
a: Renounce Religion, Stomp, Line Pass


You were on level 3 of the Dungeon.
You worshipped Uskayaw.
Uskayaw was noncommittal.
You visited 1 branch of the dungeon, and saw 3 of its levels.

You collected 81 gold pieces.

Inventory:

Hand Weapons
 h - a +3 spear (weapon)
Missiles
 a - 33 stones
 d - 3 throwing nets (quivered)
 e - a javelin
 i - 4 boomerangs
Armour
 f - a +2 helmet (worn)
 g - a +0 plate armour (worn)
 n - a +0 pair of boots (worn)
Jewellery
 b - a +6 ring of strength
Scrolls
 c - 2 scrolls of teleportation {unknown}
 j - 5 scrolls of identify
 k - a scroll of immolation
Potions
 l - a potion of berserk rage
 m - a potion of degeneration
 o - a potion of heal wounds {unknown}


   Skills:
 + Level 2.0 Fighting
 - Level 2.7(2.9) Axes
 * Level 1.2(2.2) Polearms
 - Level 1.8 Throwing
 + Level 0.5 Armour
 + Level 3.5 Dodging


You had 2 spell levels left.
You didn't know any spells.
Your spell library contained the following spells:

 Spells                   Type           Power      Damage    Failure   Level
 Slow                     Hex            0%         N/A       100%        1
 Confusing Touch          Hex            0%         N/A       100%        3
 Ozocubu's Armour         Ice            0%         N/A       100%        3
 Sigil of Binding         Hex            0%         N/A       100%        3
 Vampiric Draining        Necr           0%         2d6       100%        3
 Ozocubu's Refrigeration  Ice            0%         4d7       100%        7


Dungeon Overview and Level Annotations

Branches:
Dungeon (3/15)

Altars:
Okawaru
Uskayaw


Innate Abilities, Weirdness & Mutations

You regenerate a little health from kills.


Message History

The water moccasin poisons you!
Reach: h) +3 spear
Press: ? - help, Dir - move target, f/p - water moccasin
Aim: a water moccasin (lightly wounded, about 49% to evade your +3 spear)
You hit the water moccasin but do no damage.
The water moccasin is lightly wounded.
* * * LOW HITPOINT WARNING * * *
You feel very sick.
The water moccasin bites you but does no damage.
A jackal comes into view.
A red film seems to cover your vision as you go berserk!
You feel yourself moving faster!
You feel mighty!
You feel sick.
The jackal barks!
The water moccasin bites you but does no damage.
A jackal comes into view.
The orc wizard mumbles some strange words.
The orc wizard flickers and vanishes!
Deactivating autopickup; reactivate with Ctrl-A.
The water moccasin bites you but does no damage.
The jackal barks!
You hit the water moccasin.
The water moccasin is lightly wounded.
You feel sick.
You closely miss the water moccasin.
The water moccasin is lightly wounded.
You feel sick.
The water moccasin bites you but does no damage.
A jackal comes into view.
The jackal barks!
You hit the water moccasin.
The water moccasin is moderately wounded.
You feel sick.
The water moccasin bites you but does no damage.
The orc barely misses you. The orc hits you with a +0 hand axe.
* * * LOW HITPOINT WARNING * * *
You can now pass through a line of other dancers.
You barely miss the orc.
You feel sick.
The water moccasin bites you but does no damage.
The orc hits you with a +0 hand axe.
You die...

### #.. ## ... ... ... ..#
.. ...####.... ...h....#.
..h...... .....h..oS# #
#..##.#.o@#.#
#.....#...#.####
#.#>...........#
..........#..### .. .
#..#...##..# ..
.#########..........####...
..##.........).†.........#.#
..##..##......#......##..#.#
...........†#..............


You could see a water moccasin, 2 orcs and 3 jackals.

Vanquished Creatures
  An adder (D:2)
  A worm (D:2)
  A dart slug (D:2)
  2 endoplasms
  3 giant cockroaches
  2 goblins (D:2)
  3 hobgoblins (D:3)
  A quokka (D:2)
  A ball python (D:1)
  7 bats
  3 frilled lizards (D:1)
  4 kobolds
  4 rats
33 creatures vanquished.

Notes
Turn   | Place    | Note
-------+----------+-------------------------------------------
     0 | D:1      | MachoJfn the Demonspawn Gladiator began the quest for the
                  | Orb.
     0 | D:1      | Reached XP level 1. HP: 16/16 MP: 1/1
   136 | D:1      | Found a faded altar of an unknown god.
   424 | D:1      | Reached skill level 3 in Dodging
   459 | D:1      | Gained mutation: You regenerate a little health from kills.
                  | [demonic ancestry]
   459 | D:1      | Reached XP level 2. HP: 22/22 MP: 2/2
   727 | D:1      | Prayed at the altar of an unknown god.
   727 | D:1      | Became a worshipper of Uskayaw the Reveller
   727 | D:1      | Reached * piety under Uskayaw
   892 | D:2      | Reached ** piety under Uskayaw
   893 | D:2      | Upgraded the game from 0.31-a0-1206-g41278d8d1d to
                  | 0.31-a0-1227-g0136665373
   901 | D:2      | Found an iron altar of Okawaru.
   964 | D:2      | Reached skill level 1 in Polearms
   964 | D:2      | Reached XP level 3. HP: 27/27 MP: 3/3
  1347 | D:3      | Noticed a water moccasin
  1361 | D:3      | Slain by an orc

Illustrated notes

Levels and vault maps discovered:
D:1:      dpeg_arrival_signposts, layout_rooms,
          hellmonk_ecumenical_altar_lost_god, minivault_11,
          minmay_misc_feat_columns
D:2:      layout_rooms, basic_altar, st_stairs_3
D:3:      layout_basic, minmay_hedge_maze, uniq_sigmund

Skill      XL: |  1  2 |
---------------+-------+-----
Dodging        | 3 |  3.5
Polearms       | 1 |  1.2
Fighting       | |  2.0
Axes           | |  2.7
Throwing       | |  1.8
Armour         | |  0.5

Action                     || total
---------------------------++-------
  Melee: War axe           ||    18
         Spear             ||    97
    Use: Scroll            ||     3
         Potion            ||     1
 Armour: Leather armour    ||    27
         Plate armour      ||    63
  Dodge: Dodged            ||    49

Table legend: (Time is in decaauts)
 A = Elapsed time spent in this place.
 B = Non-inter-level travel time spent in this place.
 C = Inter-level travel time spent in this place.
 D = Time resting spent in this place.
 E = Time spent auto-exploring this place.
 F = Levels seen in this place.
 G = Mean time per level.
                   A        B        C        D        E       F      G
               +--------+--------+--------+--------+--------+-----+--------+
         Total |   1366 |   1113 |    253 |      0 |    798 |   3 |  455.3 |
       Dungeon |   1366 |   1113 |    253 |      0 |    798 |   3 |  455.3 |
               +--------+--------+--------+--------+--------+-----+--------+

Top non-repeatable levels by time:
     D:1: 759 daAuts
     D:2: 423 daAuts
     D:3: 183 daAuts
